 Dungeon Crawl Stone Soup version 0.27.1 (webtiles) character file.

Game seed: 5694336764473826366

6 Atelerd the Stinger (level 1, 0/11 HPs)
             Began as an Octopode Venom Mage on Aug 27, 2021.
             Slain by a hobgoblin (5 damage)
             ... on level 1 of the Dungeon.
             The game lasted 00:00:27 (220 turns).

Atelerd the Stinger (Octopode Venom Mage)            Turns: 220, Time: 00:00:27

Health: 0/11       AC:  1    Str:  7    XL:     1   Next: 90%
Magic:  2/3        EV: 13    Int: 17    God:
Gold:   0          SH:  0    Dex: 12    Spells: 3/4 levels left

rFire    . . .     SeeInvis .   (no weapon)
rCold    . . .     Faith    .   (no shield)
rNeg     . . .     Spirit   .   (helmet restricted)
rPois    .         Reflect  .   (no amulet)
rElec    .         Harm     .   (no ring)
rCorr    .         Rampage  .   (no ring)
Will     .....                  (no ring)
Stlth    +++.......             (no ring)
HPRegen  0.03/turn              (no ring)
MPRegen  0.08/turn              (no ring)
                                (no ring)
                                (no ring)

@: no status effects
A: almost no armour, amphibious, 8 rings, camouflage 1, gelatinous body 1,
(nimble swimmer 1), tentacles
a: no special abilities


You were on level 1 of the Dungeon.
You visited 1 branch of the dungeon, and saw 1 of its levels.

You aren't carrying anything.


   Skills:
 + Level 2.0 Dodging
 + Level 2.6 Stealth
 + Level 2.0 Spellcasting
 + Level 1.0 Transmutations
 + Level 4.2 Poison Magic


You had 3 spell levels left.
You knew the following spells:

 Your Spells              Type           Power      Damage    Failure   Level
a - Sting                 Tmut/Pois      40%        1d5       7%          1

Your spell library contained the following spells:

 Spells                   Type           Power      Damage    Failure   Level
 Poisonous Vapours        Pois/Air       16%        N/A       12%         2
 Mephitic Cloud           Conj/Pois/Air  6%         N/A       32%         3
 Olgreb's Toxic Radiance  Pois           16%        N/A       34%         4


Dungeon Overview and Level Annotations

Branches:
Dungeon (1/15)

Altars:


Innate Abilities, Weirdness & Mutations

You cannot wear most types of armour.
You are amphibious.
You can wear up to eight rings at the same time.
Your skin changes colour to match your surroundings (Stealth+).
Your rubbery body absorbs attacks. (AC +1, EV +1)
((You are camouflaged near water. (Stealth+)))
You have tentacles for arms and can constrict up to eight enemies at once.


Message History

The goblin closely misses you.
You tentacle-slap the goblin. Your grab misses the goblin.
Your squeeze misses the goblin.
The goblin is almost dead.
The goblin closely misses you.
You tentacle-slap the goblin.
You kill the goblin!
A ball python comes into view.
The helpless giant cockroach fails to defend itself.
You tentacle-slap the giant cockroach but do no damage.
You grab the giant cockroach.
You constrict the giant cockroach, but do no damage.
The giant cockroach misses you. The giant cockroach closely misses you.
The hobgoblin shouts!
You tentacle-slap the giant cockroach but do no damage.
You constrict the giant cockroach.
The ball python hisses angrily.
The giant cockroach bites you. The hobgoblin barely misses you.
You tentacle-slap the giant cockroach.
The giant cockroach is heavily wounded.
You constrict the giant cockroach. The giant cockroach bites you.
The hobgoblin barely misses you.
You tentacle-slap the giant cockroach but do no damage.
The giant cockroach is severely wounded.
You constrict the giant cockroach. The giant cockroach bites you.
The hobgoblin closely misses you.
You tentacle-slap the giant cockroach but do no damage.
The giant cockroach is almost dead.
You constrict the giant cockroach, but do no damage.
The giant cockroach closely misses you. The hobgoblin hits you.
You are too injured to fight recklessly!
Casting: Sting (safe; 7% risk of failure)
Confirm with . or Enter, or press ? or * to list all spells.
Aiming: Sting (safe; 7% risk of failure)
Press: ? - help, Shift-Dir - straight line, f - giant cockroach
Aim: a giant cockroach (almost dead, constricted by you, 98% to hit)
The sting hits the giant cockroach.
The giant cockroach is poisoned.
You kill the giant cockroach!
The hobgoblin hits you.
You die...

### ... ### ## ### # #.
.. .#. #####.# # #.#
##.#)#†#.#.#.
####.#######....@g......
............#.#.#S#.#.#.
.....######.†........
####.# ##.##.#.#.#.# #.#
##.##..........
#.###.####.#.#.#.#.#
####.##.## .........!..
.........# #.#.#.#.#.#.
####......# ... ....


You could see a hobgoblin and a ball python.

Vanquished Creatures
  A dart slug (D:1)
  A ball python (D:1)
  A giant cockroach (D:1)
  A goblin (D:1)
  A rat (D:1)
5 creatures vanquished.

Notes
Turn   | Place    | Note
-------+----------+-------------------------------------------
     0 | D:1      | Atelerd the Octopode Venom Mage began the quest for the
                  | Orb.
     0 | D:1      | Reached XP level 1. HP: 11/11 MP: 3/3
     6 | D:1      | Noticed a black bear
     6 | D:1      | Noticed a swamp drake
     7 | D:1      | Noticed a water moccasin
   198 | D:1      | Reached skill level 4 in Poison Magic
   220 | D:1      | Slain by a hobgoblin

Illustrated notes

Levels and vault maps discovered:
D:1:      onia_arrival_zoo_common, layout_loops_ring, serial_shops, shop,
          st_stairs_11

Skill      XL: |  1 |
---------------+----+-----
Poison Magic   | 4 |  4.2
Dodging        | |  2.0
Stealth        | |  2.6
Spellcasting   | |  2.0
Transmutations | |  1.0

Action                   || total
-------------------------++-------
Melee: Unarmed           ||    13
       Constrict         ||     2
       Tentacles         ||     1
 Cast: Sting             ||     2
 Stab: Sleeping          ||     4
Dodge: Dodged            ||    11
